Map: Мир спящих РВ

Players

Murena

  • Race: Terran Terran
  • Spawn Location: 1:00

ИИ 1 (эксперт) - Winner!

  • Race: Terran Terran
  • Spawn Location: 7:00

VOD

Have the link to the VOD?

Description

Time

  • Played on: Aug. 10, 2019, 12:50 p.m.
  • Length: 10:30
Show
View Real Time Build Order
Export as new Build Order

Murena Terran 

Build Orders:  

Get SALT Encoding   

  12  0:01  SCV  
  13  0:13  Refinery  
  13  0:16  SCV  
  14  0:27  Supply Depot  
  14  0:28  SCV  
  15  0:51  SCV, Barracks  
  16  1:05  Barracks  
  16  1:06  SCV  
  17  1:18  SCV  
  18  1:31  SCV  
  19  1:40  Factory  
  19  1:41  Marine  
  19  1:45  Orbital Command  
  20  1:52  Barracks Tech Lab  
  20  2:00  Barracks Reactor  
  20  2:11  Marauder  
  20  2:14  SCV, Supply Depot  
  23  2:31  Refinery, Starport  
  23  2:39  SCV  
  23  2:40  Marine, Marauder  
  23  2:42  Marine  
  28  2:53  SCV  
  29  2:59  Marine  
  29  3:00  Marine  
  29  3:04  Supply Depot  
  31  3:21  Starport Tech Lab  
  31  3:25  Command Center  
  31  3:29  Marauder  
  31  3:30  Marine  
  31  3:33  SCV  
  35  3:36  Marine  
  36  3:44  Banshee  
  39  3:53  Supply Depot  
  39  4:02  Starport  
  39  4:04  Factory Tech Lab  
  39  4:07  Cloaking Field  
  39  4:15  SCV  
  40  4:18  Marauder  
  42  4:27  Banshee  
  42  4:30  SCV  
  46  4:38  Marine x2  
  46  4:39  Starport Tech Lab  
  46  4:42  Supply Depot  
  46  4:44  SCV  
  49  4:53  Orbital Command  
  49  4:58  Marauder  
  51  5:00  SCV  
  51  5:04  Marine x2  
  54  5:11  Banshee  
  57  5:14  SCV  
  57  5:19  SCV  
  59  5:23  Banshee  
  62  5:30  SCV  
  62  5:32  Supply Depot  
  63  5:35  SCV  
  63  5:42  Marauder  
  66  5:43  Combat Shield  
  66  5:45  SCV  
  67  5:50  SCV  
  67  5:56  Medivac  
  70  6:00  SCV  
  71  6:05  SCV  
  71  6:06  Medivac  
  71  6:10  Marauder  
  71  6:11  Marine x2  
  77  6:18  Command Center, Supply Depot  
  78  6:27  Engineering Bay  
  78  6:29  Engineering Bay  
  78  6:33  Refinery  
  78  6:34  Refinery  
  78  6:36  Bunker  
  78  6:40  Marine x2  
  78  6:41  Marine  
  78  6:43  Medivac  
  83  6:47  Viking  
  83  6:50  SCV  
  86  6:55  Supply Depot  
  86  7:03  Missile Turret  
  86  7:08  Missile Turret  
  86  7:19  SCV  
  86  7:20  SCV  
  56  9:25  Fusion Core  
  56  9:26  Armory  
Show
View Real Time Build Order
Export as new Build Order

ИИ 1 (эксперт) Terran - Winner!

Build Orders: Command Center First (CC) 

Get SALT Encoding   

  12  0:00  SCV  
  13  0:13  SCV  
  14  0:18  Supply Depot  
  14  0:25  SCV  
  15  0:40  SCV  
  15  0:41  Refinery  
  16  0:52  SCV  
  17  1:04  SCV  
  18  1:14  Command Center  
  18  1:17  SCV  
  19  1:32  Barracks  
  19  1:33  SCV  
  20  1:46  SCV  
  21  1:47  Supply Depot  
  21  1:58  SCV  
  21  1:59  Refinery  
  22  2:10  SCV  
  23  2:24  Factory  
  23  2:26  Orbital Command  
  23  2:40  Orbital Command  
  23  2:52  SCV  
  24  3:04  SCV  
  25  3:09  Starport  
  25  3:10  SCV  
  25  3:12  Starport  
  26  3:16  SCV  
  27  3:22  SCV  
  28  3:27  Starport  
  28  3:28  SCV  
  28  3:30  Supply Depot  
  29  3:34  SCV  
  29  3:40  SCV  
  31  3:46  SCV  
  32  3:51  Viking  
  32  3:52  SCV  
  35  3:56  Viking  
  35  3:59  SCV  
  38  4:04  SCV, Starport Tech Lab  
  38  4:07  Marine  
  40  4:11  SCV  
  40  4:13  Supply Depot  
  40  4:16  SCV  
  42  4:22  Banshee, Starport Tech Lab  
  42  4:23  SCV  
  46  4:25  Cloaking Field  
  46  4:27  Marine, Starport Tech Lab  
  46  4:28  SCV  
  48  4:35  SCV  
  48  4:38  Engineering Bay  
  49  4:40  SCV  
  50  4:54  Barracks  
  50  4:57  Marine  
  50  4:59  Raven  
  53  5:03  Supply Depot  
  53  5:04  SCV, Refinery  
  53  5:05  Missile Turret  
  54  5:07  Missile Turret  
  54  5:09  SCV, Refinery  
  54  5:14  Viking  
  57  5:15  Marine  
  57  5:16  SCV  
  59  5:25  SCV  
  59  5:27  Viking  
  63  5:28  SCV  
  63  5:29  Supply Depot  
  63  5:33  Marine  
  64  5:37  SCV  
  64  5:40  SCV  
  64  5:41  Marine  
  64  5:42  Viking  
  69  5:49  SCV  
  70  5:50  Viking  
  70  5:51  Marine  
  70  5:52  SCV, Supply Depot  
  74  5:57  Viking  
  74  5:59  Barracks Tech Lab  
  74  6:01  SCV  
  77  6:04  SCV  
  78  6:13  Viking  
  78  6:16  SCV, Supply Depot  
  81  6:34  Command Center  
  81  6:40  Fusion Core  
  81  6:42  Supply Depot  
  81  6:49  Marine  
  81  6:50  Marauder  
  84  7:06  Supply Depot  
  84  7:07  Marine  
  85  7:11  Marauder  
  87  7:20  Missile Turret  
  87  7:22  Missile Turret  
  87  7:24  Marine  
  87  7:25  Terran Infantry Weapons Level 1  
  87  7:28  Battlecruiser, Engineering Bay  
  94  7:30  Supply Depot  
  94  7:32  Marine  
  92  7:42  Marine  
  92  7:43  Stimpack  
  93  7:46  SCV x2  
  93  7:47  SCV  
  93  7:50  Marauder  
  98  7:54  Terran Infantry Armor Level 1  
  98  7:58  SCV  
  99  7:59  SCV  
  99  8:00  SCV, Marine  
  99  8:03  Refinery  
  96  8:06  Refinery  
  96  8:07  Battlecruiser  
  96  8:10  SCV  
  96  8:11  Marine  
  96  8:12  SCV x2  
  92  8:17  Viking  
  92  8:18  Marine  
  83  8:22  SCV  
  83  8:24  SCV  
  77  8:29  Marauder  
  77  8:32  Viking  
  81  8:34  SCV  
  81  8:36  SCV, Marine  
  72  8:46  SCV  
  72  8:47  Viking  
  61  8:50  Marine  
  61  8:54  Marine  
  53  9:01  SCV  
  53  9:02  Viking  
  42  9:09  Marauder  
  44  9:11  Raven  
  44  9:17  Viking  
  46  9:30  Command Center  
  47  9:31  SCV  
  47  9:32  Viking  
  49  9:47  Viking  
  49  9:48  SCV  
  52  9:53  SCV  
  53  10:00  SCV  
  53  10:05  SCV  
  55  10:12  SCV  
  56  10:17  SCV  
Tags
 
Add a new tag
Caveats
  • Supply blocks, unpowered buildings, or Contaminate may cause inaccurate times.
  • Supply counts are checked every 10 seconds.